AoeStats
← TKDanis

MegaRandom

510725293Analyzed
2v2 RM · 14h ago on Oct 2, 2026· 25m 59s· 4 players
Game mode
Random Map
Map size
Medium (4 player)
Population
200
Speed
Normal
Resources
Standard
Victory
Conquest
Starting age
Dark Age
Ending age
Imperial Age
RankedLock teamsTeams togetherTeam positionsShared explorationLock speedFull tech treeHidden civsTurbo modeCheats
Victory
Defeat
🇨🇳 Spanish · China
1022
+16
🇨🇳 Mongols · China
994
+17
🇹🇷 Vietnamese · Türkiye
1040
-18
🇲🇾 Koreans · Malaysia
991
-15
TKDanis
11:21 Feudal Age
9:51 Loom
15:48 Castle Age
13:57 Horse Collar
16:16 Loom
17:19 Forging
17:24 Double-Bit Axe
19:27 Bloodlines
22:52 Wheelbarrow
26:57 Iron Casting
26:33 Scale Barding Armor
酥凉
12:54 Feudal Age
16:28 Castle Age
17:41 Loom
niyazifatihalbayrak
11:34 Loom
15:20 Feudal Age
17:23 Double-Bit Axe
18:17 Fishing Lines
19:51 Gold Mining
说中文
2:55 Loom
11:10 Feudal Age
11:53 Man-at-Arms
15:25 Horse Collar
20:38 Castle Age
19:11 Double-Bit Axe
21:11 Fletching
Connection lost

Rejoining the realm…

Still unreachable

The connection could not be restored.

Session expired

The server has moved on; the page needs a fresh start.